 Dungeon Crawl Stone Soup version 0.32-a0-468-g38b2580584 (webtiles) character file.

Game seed: 268597149057259282

290 TribalFlames the Magician (level 6, -1/41 HPs)
             Began as a Mummy Earth Elementalist on Feb 24, 2024.
             Slain by a gnoll bouda
             ... wielding a +0 whip
              (9 damage)
             ... on level 3 of the Dungeon.
             The game lasted 00:03:41 (2716 turns).

TribalFlames the Magician (MuEE)                    Turns: 2716, Time: 00:03:42

Health: -1/41      AC:  2    Str: 12    XL:     6   Next: 9%
Magic:  2/12       EV: 12    Int: 22    God:
Gold:   285        SH:  0    Dex: 12    Spells: 9/13 levels left

rFire   x . .        g - +2 short sword (vamp)
rCold   + . .        (no shield)
rNeg    + + +        a - +0 robe
rPois   ∞            (no helmet)
rElec   .            (no cloak)
rCorr   .            (no gloves)
SInv    .            (no boots)
Will    .....        (no amulet)
Stlth   ++           f - +6 ring of intelligence
HPRegen 0.26/turn    (no ring)
MPRegen 0.13/turn

%: faith
@: very slightly contaminated
A: cold resistance 1, negative energy resistance 3, torment resistance 2, heat
vulnerability 1, in touch with death 1, no potions, faith
a: no special abilities


You were on level 3 of the Dungeon.
You visited 1 branch of the dungeon, and saw 4 of its levels.

You collected 285 gold pieces.

Inventory:

Hand Weapons
 e - a +2 dagger of speed
 g - a +2 vampiric short sword (weapon)
Armour
 a - a +0 robe (worn)
Jewellery
 f - a +6 ring of intelligence (left hand)
Wands
 i - a wand of roots (11)
Scrolls
 b - a scroll of fear {unknown}
 c - a scroll of immolation {unknown}
 d - 3 scrolls of identify {unknown}
 h - a scroll of blinking {unknown}
 j - a scroll of revelation {unknown}


   Skills:
 - Level 1.5 Dodging
 - Level 1.5 Stealth
 + Level 4.2 Spellcasting
 * Level 3.2 Conjurations
 * Level 4.0 Earth Magic


You had 9 spell levels left.
You knew the following spells:

 Your Spells              Type           Power      Damage    Failure   Level
a - Stone Arrow           Conj/Erth      40%        3d9       8%          3
s - Sandblast             Erth           44%        2d11      1%          1

Your spell library contained the following spells:

 Spells                   Type           Power      Damage    Failure   Level
 Shock                    Conj/Air       44%        1d5       6%          1
 Passwall                 Erth           22%        N/A       6%          3
 Jinxbite                 Hex            8%         N/A       17%         2
 Brom's Barrelling Bould  Conj/Erth      20%        2d4       24%         4
 Swiftness                Air            4%         N/A       32%         3
 Petrify                  Alch/Erth      13%        N/A       43%         4
 Airstrike                Air            2%         2d(1-17)  73%         4
 Yara's Violent Unravell  Hex/Alch       2%         3d3       97%         5
 Enfeeble                 Hex            2%         N/A       100%        7


Dungeon Overview and Level Annotations

Branches:
Dungeon (4/15)
 Temple: D:4-7

Altars:
Qazlal

Shops:
D:2 [   D:4 *

Annotations:
D:3 3 runed translucent doors, Skimidon's ghost, amateur DrHu


Innate Abilities, Weirdness & Mutations

You are immune to poison.
Your flesh is cold resistant. (rC+)
You are immune to negative energy. (rN+++)
You are immune to unholy pain and torment.
You are vulnerable to heat. (rF-)
You are in touch with the powers of death.
You do not drink.
You have a special connection with the divine. (Faith)


Message History

You kill the gnoll!
The blast of sand hits the gnoll!
You kill the gnoll!
The gnoll bouda barks out a call to the hunt!
The gnoll picks up the pace!
The gnoll closely misses you. The gnoll barely misses you.
The blast of sand hits the gnoll bouda!
The gnoll bouda is heavily wounded.
The gnoll bouda hits you with a +0 whip!
The gnoll hits you from afar with a +1 halberd of freezing!
The gnoll bouda hits you with a +0 whip!
* * * LOW HITPOINT WARNING * * *
The gnoll hits you from afar with a +1 halberd of freezing.
* * * LOW HITPOINT WARNING * * *
The gnoll freezes you.
* * * LOW HITPOINT WARNING * * *
The gnoll hits you with a +0 club.
* * * LOW HITPOINT WARNING * * *
You climb upwards.
Level annotation: 3 runed translucent doors, Skimidon's ghost, amateur DrHu
There is a stone staircase leading down here.
You are too injured to fight recklessly!
Casting: Sandblast (safe; 1% risk of failure)
Confirm with . or Enter, or press ? or * to list all spells.
Aiming: Stone Arrow (dangerous; 8% risk of failure)
Press: ? - help, Shift-Dir - straight line, f - gnoll bouda
Aim: a gnoll bouda, wielding a +0 whip and wearing a +0 leather armour of positive energy (heavily wounded, 75% to hit)
The stone arrow misses the gnoll bouda.
The gnoll bouda splashes around in the water.
Unknown command.
Casting: Stone Arrow (dangerous; 8% risk of failure)
Confirm with . or Enter, or press ? or * to list all spells.
Aiming: Stone Arrow (dangerous; 8% risk of failure)
Press: ? - help, Shift-Dir - straight line, f/p - gnoll bouda
Aim: a gnoll bouda, wielding a +0 whip and wearing a +0 leather armour of positive energy (heavily wounded, 75% to hit)
You miscast Stone Arrow.
You are very lightly contaminated with residual magic.
Nothing appears to happen.
The gnoll bouda hits you with a +0 whip!
You die...

.## ##..#~~~.~~~### ..##
#...#~~.~~..♣~♣#
#.!#####.#..##..≈#..≈~#
##.......##.~~~~..~~.~###
####.#######~≈.♣~.##...#
#......# ##~.~~.~~.#.#
#......# ###~~.~~♣~..#
#......####~~.g~.♣...##
###..^...>....#.@.....##
#....................##
#.####................#
..# #................#
.## ##...............#
.######...............#
........<.............#
#.###.#...............#
....#.#...........<..##


You could see a gnoll bouda.

Vanquished Creatures
  A black bear (D:3)
  A sleepcap (D:4)
  Ijyb (D:4)
  An iguana (D:4)
  2 gnolls (D:4)
  3 adders
  A dart slug (D:1)
  2 ribbon worms
  3 orcs (D:4)
  10 bats
  13 endoplasms
  2 giant cockroaches
  4 goblins
  4 hobgoblins
  5 kobolds
  A quokka (D:3)
  9 ball pythons
  3 frilled lizards
  4 rats
70 creatures vanquished.

Notes
Turn   | Place    | Note
-------+----------+-------------------------------------------
     0 | D:1      | TribalFlames the Mummy Earth Elementalist began the quest
                  | for the Orb.
     0 | D:1      | Reached XP level 1. HP: 13/13 MP: 4/4
   161 | D:1      | Reached skill level 1 in Conjurations
   287 | D:1      | Reached XP level 2. HP: 19/19 MP: 2/5
  1010 | D:2      | Reached XP level 3. HP: 20/24 MP: 4/7
  1310 | D:2      | Found a stormy altar of Qazlal.
  1389 | D:2      | Found Arimuar's Armour Boutique.
  1526 | D:2      | Reached XP level 4. HP: 30/30 MP: 6/9
  1686 | D:3      | Noticed a black bear
  1696 | D:2      | Learned a level 3 spell: Stone Arrow
  1765 | D:3      | Killed a black bear
  1766 | D:3      | Reached XP level 5. HP: 35/35 MP: 1/10
  2092 | D:3      | Found a runed translucent gate.
  2092 | D:3      | Found a runed translucent gate.
  2093 | D:3      | Found a runed translucent gate.
  2093 | D:3      | Noticed Skimidon's ghost (amateur DrHu)
  2534 | D:4      | Noticed Ijyb
  2538 | D:4      | Killed Ijyb
  2543 | D:4      | Reached XP level 6. HP: 25/41 MP: 0/12
  2646 | D:4      | Found Juzxafaw's Overcharged Wands.
  2716 | D:3      | Slain by a gnoll bouda

Illustrated notes

Levels and vault maps discovered:
D:1:      mushboom_english_gardens, layout_loops_ring
D:2:      cheibrodos_old_hovel, layout_rooms, basic_altar, serial_shops, shop
D:3:      layout_rooms, ebering_ghost_rock_garden, chequers_serial_rivers_marsh,
          minmay_misc_feat_roman
D:4:      layout_rooms, nicolae_shop_overcharged_wands, uniq_ijyb

Skill      XL: |  1  2  3  4  5 |
---------------+----------------+-----
Conjurations   | 1 2 3 |  3.2
Spellcasting   | 3 4 |  4.2
Earth Magic    | 3 4 |  4.0
Dodging        | |  1.5
Stealth        | |  1.5

Action                     |  1- 3 |  4- 6 || total
---------------------------+-------+-------++-------
  Melee: Short sword       |       |    10 ||    10
   Cast: Sandblast         |    62 |    40 ||   102
         Stone Arrow       |       |     5 ||     5
 Armour: Robe              |     9 |    16 ||    25
  Dodge: Dodged            |     6 |    18 ||    24

Table legend: (Time is in decaauts)
 A = Elapsed time spent in this place.
 B = Non-inter-level travel time spent in this place.
 C = Inter-level travel time spent in this place.
 D = Time resting spent in this place.
 E = Time spent auto-exploring this place.
 F = Levels seen in this place.
 G = Mean time per level.
                   A        B        C        D        E       F      G
               +--------+--------+--------+--------+--------+-----+--------+
         Total |   2766 |   2556 |    210 |     85 |   2079 |   4 |  691.5 |
       Dungeon |   2766 |   2556 |    210 |     85 |   2079 |   4 |  691.5 |
               +--------+--------+--------+--------+--------+-----+--------+

Top non-repeatable levels by time:
     D:1: 1021 daAuts
     D:2: 758 daAuts
     D:3: 564 daAuts
     D:4: 422 daAuts
